 Dungeon Crawl Stone Soup version 0.31-a0-7-g51783674b7 (webtiles) character file.

Game seed: 9157223764035627468

78 bande the Covered (level 4, 0/29 HPs)
             Began as a Gargoyle Fighter on May 6, 2023.
             Slain by Sigmund
             ... wielding a +1 scythe of protection
              (7 damage)
             ... on level 2 of the Dungeon.
             The game lasted 00:02:17 (1589 turns).

bande the Covered (Gargoyle Fighter)                Turns: 1589, Time: 00:02:17

Health: 0/29       AC: 13    Str: 20    XL:     4   Next: 36%
Magic:  4/4        EV:  7    Int:  8    God:
Gold:   82         SH:  0    Dex: 17    Spells: 3/3 levels left

rFire   . . .        a - +0 war axe
rCold   . . .        c - +0 buckler
rNeg    + . .        i - +0 chain mail
rPois   ∞            (no helmet)
rElec   +            (no cloak)
rCorr   .            (no gloves)
SInv    .            (no boots)
Will    .....        (no amulet) Stlth
                     k - +6 ring of dexterity
HPRegen 0.24/turn    (no ring)
MPRegen 0.09/turn

%: no passive effects
@: confused, mighty
A: sickness immunity, AC +3, negative energy resistance 1, electricity
resistance, torment resistance 1, petrification resistance
a: no special abilities


You were on level 2 of the Dungeon.
You visited 1 branch of the dungeon, and saw 2 of its levels.

You collected 82 gold pieces.

Inventory:

Hand Weapons
 a - a +0 war axe (weapon)
 e - a +0 flail
Armour
 c - a +0 buckler (worn)
 i - a +0 chain mail (worn)
Jewellery
 k - a +6 ring of dexterity (left hand)
Wands
 l - a wand of polymorph (14)
Potions
 b - a potion of brilliance {unknown}
 g - a potion of flight {unknown}
 h - a potion of heal wounds {unknown}
 j - a potion of curing {unknown}


   Skills:
 + Level 3.8 Fighting
 + Level 2.6 Axes
 + Level 4.2 Armour
 + Level 3.6 Shields
 * Level 0.1 Evocations


You had 3 spell levels left.
You didn't know any spells.
Your spell library contained the following spells:

 Spells                   Type           Power      Damage    Failure   Level
 Shock                    Conj/Air       0%         1d3       99%         1
 Swiftness                Air            0%         N/A       100%        3
 Airstrike                Air            0%         2d(0-16)  100%        4


Dungeon Overview and Level Annotations

Branches:
Dungeon (2/15)

Altars:
Nemelex Xobeh

Annotations:
D:2 Sigmund


Innate Abilities, Weirdness & Mutations

You are immune to sickness and miasma.
Your stone body is resilient. (AC +3)
You are immune to poison.
You resist negative energy. (rN+)
You are resistant to electric shocks. (rElec)
You are resistant to unholy torment.
You are immune to petrification.


Message History

You are too confused!
You are too confused!
You are too confused!
You are too confused!
You are too confused!
You are too confused!
You are too confused!
You are too confused!
You are too confused!
You are too confused!
You are too confused!
Unknown command.
Sigmund casts a spell at you.
You are more confused.
Sigmund gestures at you while chanting.
You are more confused.
There is an open door here.
Sigmund hits you but does no damage.
There is an open door here.
You bump into the rock wall.
Sigmund gestures wildly while chanting.
Sigmund flickers and vanishes!
Deactivating autopickup; reactivate with Ctrl-A.
You hear some strange, mumbled words.
A puff of flame appears from out of thin air!
The puff of flame hits you but does no damage.
You bump into the rock wall.
Something hits you.
You're too confused to move!
You hear some strange, mumbled words.
You are more confused.
You hit something but do no damage. Something hits you!
You miss something. Something hits you but does no damage.
You feel very mighty all of a sudden. Something hits you.
You bump into the rock wall.
You bump into the rock wall.
Something hits you.
* * * LOW HITPOINT WARNING * * *
Something hits you but does no damage. Something hits you!
You die...

#...###.###..........#
#......#
#....##.###..........#
#......#
####..#...+..........#
#......#
#.........#.......####
#......# #...........<.....#
#......# #.................#
######.# #.................#
#.# #............##'########
#.# #########.#####.@......#
#.# ,,* #.# #{.......# #.#
*,***** #.# #........# ##.#
,,,,,,* #.## ##.......# ##..#
*,***,* #..### #.......# #..##
,,* *,* ##...# #.......# ##.##
*****.######.###.......####..#
**,,,..................##...##
,*,**.#######.##.......##.###


There were no monsters in sight!

Vanquished Creatures
  A gnoll (D:1)
  An adder (D:2)
  2 worms (D:2)
  A dart slug (D:1)
  3 endoplasms (D:1)
  3 giant cockroaches (D:1)
  6 hobgoblins
  7 jackals (D:1)
  4 quokkas
  5 ball pythons
  5 bats
  2 frilled lizards
  3 kobolds
  4 rats (D:1)
47 creatures vanquished.

Notes
Turn   | Place    | Note
-------+----------+-------------------------------------------
     0 | D:1      | bande the Gargoyle Fighter began the quest for the Orb.
     0 | D:1      | Reached XP level 1. HP: 14/14 MP: 1/1
    87 | D:1      | Reached XP level 2. HP: 10/19 MP: 2/2
   241 | D:1      | Reached skill level 4 in Armour
   289 | D:1      | Reached XP level 3. HP: 23/23 MP: 3/3
  1158 | D:2      | Reached XP level 4. HP: 18/29 MP: 4/4
  1366 | D:2      | Found a sparkling altar of Nemelex Xobeh.
  1563 | D:2      | Noticed Sigmund
  1589 | D:2      | Slain by Sigmund

Illustrated notes

Levels and vault maps discovered:
D:1:      minmay_arrival_up_and_down, layout_loops_corners
D:2:      layout_basic, serial_shops, shop, basic_altar, uniq_sigmund

Skill      XL: |  1  2  3 |
---------------+----------+-----
Armour         | 4 |  4.2
Axes           | 2 |  2.6
Fighting       | |  3.8
Shields        | |  3.6
Evocations     | |  0.1

Action                     |  1- 3 |  4- 6 || total
---------------------------+-------+-------++-------
  Melee: War axe           |   109 |    53 ||   162
    Use: Scroll            |       |     1 ||     1
         Potion            |       |     1 ||     1
 Armour: Scale mail        |    39 |       ||    39
         Chain mail        |    36 |    40 ||    76
  Dodge: Dodged            |    61 |    21 ||    82
  Block: Buckler           |    26 |    18 ||    44

Table legend: (Time is in decaauts)
 A = Elapsed time spent in this place.
 B = Non-inter-level travel time spent in this place.
 C = Inter-level travel time spent in this place.
 D = Time resting spent in this place.
 E = Time spent auto-exploring this place.
 F = Levels seen in this place.
 G = Mean time per level.
                   A        B        C        D        E       F      G
               +--------+--------+--------+--------+--------+-----+--------+
         Total |   1657 |   1607 |     50 |    139 |   1065 |   2 |  828.5 |
       Dungeon |   1657 |   1607 |     50 |    139 |   1065 |   2 |  828.5 |
               +--------+--------+--------+--------+--------+-----+--------+

Top non-repeatable levels by time:
     D:1: 1102 daAuts
     D:2: 555 daAuts
